 Dungeon Crawl Stone Soup version 0.20-a0-16-g0876c8e (webtiles) character file.

431 JeffiDaFish the Cudgeler (level 7, 0/42 HPs)
             Began as a Gargoyle Fighter on Nov 4, 2016.
             Slain by Pikel
             ... wielding a +1 whip of flaming
              (1 damage)
             ... on level 4 of the Dungeon.
             The game lasted 00:13:36 (3055 turns).

JeffiDaFish the Cudgeler (Gargoyle Fighter)         Turns: 3055, Time: 00:13:37

Health: 0/42       AC: 17    Str: 19 (21) XL:     7   Next: 0%
Magic:  7/7        EV:  4    Int:  7 (9)  God:
Gold:   154        SH: 10    Dex:  4 (7)  Spells: 0 memorised, 6 levels left

rFire  . . .     SeeInvis .     a - +0 flail
rCold  . . .     Gourm    .     d - +1 plate armour
rNeg   + + .     Faith    .     c - +1 shield
rPois  ∞         Spirit   .     (no helmet)
rElec  +         Reflect  .     (no cloak)
rCorr  .         Harm     .     (no gloves)
MR     .....                    (no boots)
Stlth  ..........               (no amulet)
                                (no ring)
                                o - ring of positive energy

@: no status effects
A: claws 1, clumsy 1, negative energy resistance 1, electricity resistance, slow
regeneration 1, unbreathing, petrification resistance, rot immunity, AC +4
a: no special abilities


You were on level 4 of the Dungeon.
You were very hungry.

You visited 1 branch of the dungeon, and saw 4 of its levels.

You collected 154 gold pieces.

Inventory:

Hand Weapons
 a - a +0 flail (weapon)
Armour
 c - a +1 shield (worn)
 d - a +1 plate armour (worn)
Jewellery
 o - a ring of positive energy (left claw)
Wands
 g - a wand of flame (39/48)
 m - a wand of enslavement (20/24)
Scrolls
 e - a scroll of amnesia
 j - a scroll of identify
 p - a scroll of remove curse
Potions
 k - a potion of curing
Comestibles
 b - 6 chunks of flesh
 f - 2 bread rations
 h - a beef jerky
 i - 2 royal jellies
 l - a meat ration
 n - a slice of pizza


   Skills:
 + Level 3.8 Fighting
 + Level 4.9 Maces & Flails
 + Level 4.5 Armour
 + Level 1.3 Dodging
 + Level 0.8 Stealth
 + Level 4.8 Shields


You had 6 spell levels left.
You didn't know any spells.

Dungeon Overview and Level Annotations

Branches:
Dungeon (4/15)
 Temple: D:4-7

Altars:

Annotations:
D:4 Pikel


Innate Abilities, Weirdness & Mutations

You are resistant to torment.
Your stone body is resilient. (AC +4)
You are immune to poison.
You resist negative energy. (rN+)
You are resistant to electric shocks. (rElec)
You can survive without breathing.
You are immune to petrification.
You are immune to rotting.
You have sharp fingernails.
You are clumsy. (Dex -2)
You regenerate slowly when monsters are visible.


Message History

The worker ant bites you but does no damage.
The hound bites you but does no damage.
The worker ant bites you but does no damage.
You barely miss the worker ant.
The worker ant is almost dead.
The hound bites you but does no damage.
The worker ant bites you but does no damage.
You block the hound's attack.
You hit the worker ant.
You kill the worker ant!
You have reached level 7!
You hear the slow rusting of a very distant drain.
The hound bites you but does no damage. The hound barely misses you.
You block Pikel's attack.
You closely miss Pikel. The hound bites you but does no damage.
Pikel says, "You'll fetch a fair price!"
Pikel hits you with a whip of flaming.
* * * LOW HITPOINT WARNING * * *
Pikel burns you.
You die...

... ..>.. ..........##.....
...........###...
............####.
#..............#.
##h...........#...
#hh...............
#h#.##............ .#.
#@#.# #........##.
.....#####K#.###........<..
.oopKp.a..p...#.......#.###
.#.o######............#.#
#.#.##.......#.#
#...###.........
######.######...#....
#.........# ######.##.
#.........# #..


You could see Pikel, a slave, a hound and 3 jackals.

Vanquished Creatures
  Sigmund (D:2)
  A slave (D:4)
  A hound (D:3)
  Jessica (D:2)
  3 worker ants (D:4)
  Robin (D:2)
  5 adders
  A worm (D:2)
  3 dart slugs
  3 leopard geckos
  An orc (D:4)
  7 bats
  5 giant cockroaches
  16 goblins
  7 hobgoblins
  2 jackals (D:3)
  3 quokkas
  2 ball pythons (D:2)
  3 frilled lizards
  4 kobolds
  5 rats
75 creatures vanquished.

Notes
Turn   | Place    | Note
-------+----------+-------------------------------------------
     0 | D:1      | JeffiDaFish the Gargoyle Fighter began the quest for the Orb.
     0 | D:1      | Reached XP level 1. HP: 14/14 MP: 1/1
   149 | D:1      | Reached XP level 2. HP: 19/19 MP: 2/2
   385 | D:1      | Reached XP level 3. HP: 23/23 MP: 3/3
   715 | D:2      | Noticed Jessica
   717 | D:2      | Killed Jessica
   801 | D:2      | Reached XP level 4. HP: 22/28 MP: 4/4
   864 | D:2      | Noticed Sigmund
   879 | D:2      | Killed Sigmund
   879 | D:2      | Reached skill level 1 in Dodging
   879 | D:2      | Reached XP level 5. HP: 7/33 MP: 5/5
  1126 | D:2      | Reached XP level 6. HP: 36/38 MP: 6/6
  1388 | D:2      | Noticed Robin
  1434 | D:2      | Killed Robin
  1700 | D:2      | Gained mutation: You have sharp fingernails. [potion of mutation]
  1700 | D:2      | Gained mutation: You are clumsy. (Dex -2) [potion of mutation]
  1700 | D:2      | Gained mutation: You regenerate slowly when monsters are visible. [potion of mutation]
  2955 | D:4      | Noticed a slave
  2956 | D:4      | Noticed a slave
  2956 | D:4      | Noticed a slave
  2957 | D:4      | Noticed Pikel
  2960 | D:4      | Noticed a slave
  2989 | D:4      | Killed a slave
  3049 | D:4      | HP: 1/38 [hound (1)]
  3054 | D:4      | Reached XP level 7. HP: 1/42 MP: 7/7
  3055 | D:4      | HP: 1/42 [Pikel/whip of flaming (1)]
  3055 | D:4      | Slain by Pikel

Vault maps used:
D:1:      scummos_arrival_forest, st_stairs_14
D:2:      minivault_4, uniq_robin, uniq_sigmund, uniq_jessica
D:4:      portal_sewer_entry_e, bh_chokoban, uniq_blork_the_orc, uniq_menkaure,
          uniq_pikel

Skill      XL: |  1  2  3  4 |
---------------+-------------+-----
Maces & Flails | 3 4 |  4.9
Armour         | 4 |  4.5
Dodging        | 1 |  1.3
Shields        | 4 |  4.8
Fighting       | |  3.8
Stealth        | |  0.8

Action                   |  1- 3 |  4- 6 |  7- 9 || total
-------------------------+-------+-------+-------++-------
Melee: Flail             |    75 |   293 |     1 ||   369
  Use: Scroll            |     4 |     7 |       ||    11
       Potion            |     2 |     7 |       ||     9
 Stab: Invisible         |     1 |       |       ||     1
  Eat: Chunk             |       |     7 |       ||     7
Armor: Scale mail        |    43 |    42 |       ||    85
       Plate armour      |       |   162 |     2 ||   164
Dodge: Dodged            |    31 |    58 |     1 ||    90
Block: Shield            |    43 |   213 |     1 ||   257
